 Dungeon Crawl Stone Soup version 0.15-a0-734-g2b8d6ef (webtiles) character file.

2175 Leibowitz the Ducker (level 8, -3/70 HPs)
             Began as a Demigod Gladiator on May 11, 2014.
             Killed by divine providence
             ... invoked by an orc priest
              (13 damage)
             ... on Level 6 of the Dungeon.
             The game lasted 00:30:41 (7825 turns).

Leibowitz the Ducker (Demigod Gladiator)            Turns: 7825, Time: 00:30:41

HP  -3/70        AC  6     Str 21      XL: 8   Next: 86%
MP  13/13        EV 17     Int 12      God:
Gold 225         SH  0     Dex 19      Spells:  0 memorised,  7 levels left

rFire  . . .     SeeInvis .     a - +1 trident
rCold  + . .     Rnd*Rage +     m - +2 robe {rC+}
rNeg   . . .     Conserve .     (no shield)
rPois  .         rCorr    .     c - +0 helmet
rElec  .         rRot     .     n - +0 cloak
SustAb . .       Spirit   .     (no gloves)
rMut   .         Warding  .     (no boots)
Gourm  .         Stasis   .     (no amulet)
MR     .....                    (no ring)
                                s - cursed ring of loudness

@: not resistant to hostile enchantments, unstealthy
A: berserk 1, mutation resistance 1
a: no special abilities


You were on level 6 of the Dungeon.
You were not hungry.

You visited 1 branch of the dungeon, and saw 6 of its levels.
You also visited: Sewer.

You collected 225 gold pieces.

Inventory:

Hand weapons
 a - a +1,+1 trident (weapon)
 b - a +1 blowgun
 k - a +0,+0 scythe
 q - a +0,+0 trident
 r - a +3,+3 spear
Missiles
 h - a throwing net (quivered)
 o - 20 poisoned needles
Armour
 c - a +0 helmet (worn)
 e - a +0 pair of boots
 m - a +2 robe of cold resistance (worn)
 n - a +0 cloak (worn)
Magical devices
 d - a wand of cold (7)
 x - a wand of fire (4)
Comestibles
 f - 2 bread rations
 i - 2 meat rations
Scrolls
 l - a scroll of enchant weapon II
 p - a scroll of magic mapping
 u - a scroll of recharging
 y - 2 scrolls of identify
 B - 2 scrolls of remove curse {unknown}
Jewellery
 s - a cursed ring of loudness (left hand)
Potions
 g - 2 potions of brilliance
 j - 7 potions of curing
 t - 6 potions of heal wounds
 w - 2 potions of agility
 A - 2 potions of flight


   Skills:
 * Level 5.7 Fighting
 + Level 5.8 Polearms
 + Level 2.1 Throwing
 + Level 1.6 Armour
 + Level 6.6 Dodging
 * Level 4.9 Stealth
 + Level 0.4 Evocations


You had 7 spell levels left.
You didn't know any spells.

Dungeon Overview and Level Annotations

Branches:
Dungeon (6/15)
 Temple: D:4-7

Shops:
D:5 %   D:6 (

Annotations:
D:6 Schadenfreude's ghost, experienced MiFi


Innate Abilities, Weirdness & Mutations

You tend to lose your temper in combat.
You are somewhat resistant to further mutation.


Message History

Grinder hits you.
You writhe in agony.
You hit Grinder.
You kill Grinder!
Schadenfreude's ghost barely misses you.
You hit Schadenfreude's ghost.
Schadenfreude's ghost is lightly damaged.
Schadenfreude's ghost hits you!
You closely miss Schadenfreude's ghost.
Schadenfreude's ghost is lightly damaged.
Schadenfreude's ghost hits you!
* * * LOW HITPOINT WARNING * * *
Read which item? (? for menu, Esc to quit)
As you read the scroll of teleportation, it crumbles to dust.
You feel strangely unstable. Schadenfreude's ghost misses you.
Your surroundings suddenly seem different.
An orc priest comes into view. It is wielding a dagger.
The orc priest shouts!
The orc priest calls down the wrath of Beogh upon you.
Something smites you!
You die... ... ........... ooo..................

......................
.......................
........................
........................
........................
.................!.W.....
b..p....@................
........W................
........................
................########
................#
...............#
..............#
.............#
..........#


You could see a wraith, an orc priest, 2 orcs, a bat and a neutral freed slave
(wandering).

Vanquished Creatures
  Pikel (D:5)
  The ghost of Plastic the Basher, an average OgBe of Trog (Sewer)
  Grinder (D:6)
  An ice beast (D:5)
  2 big kobolds (Sewer)
  Sigmund (D:2)
  A scorpion (D:6)
  4 wights (D:6)
  2 crimson imps (D:5)
  An orc priest (D:3)
  A big fish (D:5)
  3 orc wizards
  4 worker ants
  Ijyb (D:3)
  An ogre skeleton (D:4)
  11 adders
  6 green rats (Sewer)
  A shadow imp (D:6)
  A giant mite (D:2)
  A worm (D:4)
  An adder zombie (D:6)
  An orc skeleton (D:5)
  A giant gecko (D:1)
  22 orcs
  A bat skeleton (D:4)
  13 goblins
  11 hobgoblins
  7 jackals
  36 kobolds
  A quokka (D:6)
  7 ball pythons
  8 bats
  4 giant cockroaches
  4 giant newts
  27 rats
189 creatures vanquished.

Vanquished Creatures (others)
  A water moccasin zombie (D:6)
  A quokka (D:6)
2 creatures vanquished.

Grand Total: 191 creatures vanquished

Notes
Turn   | Place    | Note
--------------------------------------------------------------
     0 | D:1      | Leibowitz, the Demigod Gladiator, began the quest for the Orb.
     0 | D:1      | Reached XP level 1. HP: 17/17 MP: 2/2
   571 | D:1      | Reached skill level 3 in Dodging
   634 | D:1      | Reached XP level 2. HP: 16/24 MP: 3/3
  1162 | D:1      | Reached skill level 1 in Stealth
  1162 | D:1      | Reached XP level 3. HP: 18/29 MP: 5/5
  1414 | D:2      | Reached skill level 1 in Armour
  2127 | D:2      | Noticed Sigmund
  2504 | D:1      | Reached XP level 4. HP: 28/36 MP: 7/7
  2741 | D:2      | Killed Sigmund
  2741 | D:2      | Reached XP level 5. HP: 26/42 MP: 8/8
  2967 | D:3      | Found a sparkling altar of Nemelex Xobeh.
  3048 | D:3      | Noticed Ijyb
  3063 | D:3      | Killed Ijyb
  4739 | D:4      | Reached XP level 6. HP: 28/51 MP: 10/10
  5414 | D:5      | Entered Level 5 of the Dungeon
  5518 | D:5      | Reached skill level 4 in Dodging
  5841 | D:5      | Found Zacrafri's Food Boutique.
  5869 | D:5      | Found a glowing drain.
  5888 | Sewer    | Entered a sewer
  6219 | Sewer    | Noticed Plastic's ghost (average OgBe)
  6227 | Sewer    | Gained mutation: You tend to lose your temper in combat. [potion of mutation]
  6227 | Sewer    | Gained mutation: You are somewhat resistant to further mutation. [potion of mutation]
  6235 | Sewer    | Paralysed by a potion of paralysis for 3 turns
  6252 | Sewer    | Killed Plastic's ghost
  6252 | Sewer    | Reached XP level 7. HP: 59/59 MP: 12/12
  6493 | Sewer    | Reached skill level 5 in Dodging
  7384 | D:6      | Found Aretruweope's Weapon Shoppe.
  7428 | D:6      | Reached XP level 8. HP: 51/67 MP: 13/13
  7449 | D:6      | Reached skill level 5 in Polearms
  7611 | D:6      | Noticed Pikel
  7626 | D:5      | Killed Pikel
  7626 | D:5      | Reached skill level 5 in Fighting
  7626 | D:5      | Reached skill level 6 in Dodging
  7807 | D:6      | Noticed Grinder
  7808 | D:6      | Noticed Schadenfreude's ghost (experienced MiFi)
  7819 | D:6      | Killed Grinder
  7825 | D:6      | Killed from afar by an orc priest

Action                   |  1- 3 |  4- 6 |  7- 9 || total
-------------------------+-------+-------+-------++-------
Melee: Trident           |   177 |   359 |   204 ||   740
       Spear             |       |       |    30 ||    30
 Fire: Blowgun           |       |       |     3 ||     3
Throw: Throwing net      |     3 |     6 |     1 ||    10
Evoke: Wand              |       |     2 |     6 ||     8
  Use: Scroll            |     4 |     3 |     2 ||     9
       Potion            |       |     5 |     5 ||    10
 Stab: Sleeping          |     2 |     8 |       ||    10
       Distracted        |     1 |     1 |     1 ||     3
       Held in net/web   |       |     3 |       ||     3
